3AA
BETHESDA ATOMS @ ATHLETIC CLUB KC ACADEMY
09/06/2042
 
TOP OF THE 1ST
Bethesda Atoms batting - Pitching for Athletic Club KC Academy : RHP Bob Wheelock
Pitching: RHP Bob Wheelock
Batting: RHB Xiao-yong Chu 0-0: Foul Ball, location: 2F
0-1: Ball
1-1: Foul Ball, location: 2F
1-2: Ground out 5-3 (Groundball, 56, EV 100.6 MPH)
Batting: LHB Vicente Torres 0-0: Foul Ball, location: 2F
0-1: Ball
1-1: Fly out, F8 (Flyball, 8RD, EV 98.1 MPH)
Batting: LHB Seung-jae Kyong 0-0: Ground out 2-3 (Groundball, 13S, EV 72.5 MPH)
Top of the 1st over - 0 runs, 0 hits, 0 errors, 0 left on base; Bethesda 0 - Athletic Club KC Academy 0
BOTTOM OF THE 1ST
Athletic Club KC Academy batting - Pitching for Bethesda Atoms : RHP Ralph Johnston
Pitching: RHP Ralph Johnston
Batting: RHB Daniel Hannaford 0-0: Ball
1-0: Ball
2-0: Ball
3-0: Base on Balls
Batting: SHB Tosya Mndoyants 0-0: Foul Ball, location: 2F
0-1: Fly out, F7 (Flyball, 7, EV 75.0 MPH)
Batting: RHB Neal Lewis 0-0: Ball
1-0: Foul Ball, location: 2F
1-1: Called Strike
1-2: Foul Ball, location: 2F
1-2: Fly out, F7 (Line Drive, 7D, EV 90.0 MPH)
Batting: LHB Ron Whitney 0-0: Called Strike
0-1: Ball
1-1: Called Strike
1-2: Ball
2-2: SINGLE (Flyball, 3D, EV 101.2 MPH)
Daniel Hannaford to second
Runner from 2nd tries for 3rd, SAFE, throw by RF made to third
Batting: RHB Tim Hendricks 0-0: Swinging Strike
0-1: Ball
1-1: Ball
2-1: Foul Ball, location: 2F
2-2: Fielders Choice at 2nd, 6-4 (Groundball, 6, EV 85.6 MPH)
Bottom of the 1st over - 0 runs, 1 hit, 0 errors, 2 left on base; Bethesda 0 - Athletic Club KC Academy 0
TOP OF THE 2ND
Bethesda Atoms batting - Pitching for Athletic Club KC Academy : RHP Bob Wheelock
Batting: LHB Mhelter Narcida 0-0: Called Strike
0-1: Ball
1-1: Ball
2-1: Ball
3-1: Foul Ball, location: 2F
3-2: Base on Balls
Batting: LHB Ayub Kuthakwakulu 0-0: Ball
1-0: Foul Ball, location: 2F
1-1: Swinging Strike
1-2: SINGLE (Groundball, 3D, EV 101.9 MPH)
Mhelter Narcida to second
Runner from 2nd tries for 3rd, SAFE, throw by RF made to third
Batting: RHB Byron Shadix 0-0: Foul Ball, location: 2F
0-1: Ball
1-1: 3-RUN HOME RUN (Flyball, 78XD, EV 107.5 MPH), Distance : 413 ft
Batting: RHB Jack Plumb 0-0: Called Strike
0-1: Fly out, F8 (Line Drive, 8LD, EV 94.4 MPH)
Batting: RHB Scipione Borghese 0-0: Swinging Strike
0-1: Ball
1-1: Called Strike
1-2: Strikes out swinging
Batting: LHB Walt Davis 0-0: Swinging Strike
0-1: Foul Ball, location: 2F
0-2: SINGLE (Line Drive, 6MD, EV 103.8 MPH)
Batting: RHB Xiao-yong Chu 0-0: SINGLE (Groundball, 34S, EV 70.0 MPH) (infield hit)
Walt Davis to second
Batting: LHB Vicente Torres 0-0: Swinging Strike
0-1: Called Strike
0-2: Strikes out swinging
Top of the 2nd over - 3 runs, 4 hits, 0 errors, 2 left on base; Bethesda 3 - Athletic Club KC Academy 0
BOTTOM OF THE 2ND
Athletic Club KC Academy batting - Pitching for Bethesda Atoms : RHP Ralph Johnston
Batting: SHB Benedito Ahulani 0-0: Ball
1-0: Called Strike
1-1: DOUBLE (Line Drive, 89D, EV 113.8 MPH)
Batting: LHB Carl Zimerman 0-0: Foul Ball, location: 2F
0-1: Ball
1-1: Called Strike
1-2: SINGLE (Line Drive, 56, EV 95.0 MPH)
Benedito Ahulani to third
Runner from 3rd tries for Home, SAFE, throw by LF to home
Batting: RHB Mhelter Gaston 0-0: Called Strike
0-1: Ball
1-1: Ball
2-1: Ball
3-1: Foul Ball, location: 2F
3-2: Fielders Choice at 2nd, 5-4 (Groundball, 56, EV 88.8 MPH)
Batting: RHB Matt Evans 0-0: SINGLE (Flyball, 9LS, EV 90.6 MPH)
Mhelter Gaston to second
Runner from 2nd tries for 3rd, SAFE, throw by RF made to third
Batting: RHB Daniel Hannaford 0-0: Ball
1-0: Ball
2-0: Called Strike
2-1: Called Strike
2-2: Ball
3-2: Reached on error, E6 (Groundball, 6, EV 77.5 MPH)
Mhelter Gaston scores
Matt Evans to second
Batting: SHB Tosya Mndoyants 0-0: Foul Ball, location: 2F
0-1: Foul Ball, location: 2F
0-2: Grounds into double play, 5-4-3 (Groundball, 56S, EV 83.8 MPH)
Bottom of the 2nd over - 2 runs, 3 hits, 1 error, 1 left on base; Bethesda 3 - Athletic Club KC Academy 2
TOP OF THE 3RD
Bethesda Atoms batting - Pitching for Athletic Club KC Academy : RHP Bob Wheelock
Batting: LHB Seung-jae Kyong 0-0: Swinging Strike
0-1: Foul Ball, location: 2F
0-2: Ball
1-2: Foul Ball, location: 2F
1-2: SINGLE (Groundball, 34D, EV 101.9 MPH)
Batting: LHB Mhelter Narcida 0-0: Ball
1-0: Swinging Strike
1-1: Foul Ball, location: 2F
1-2: Ball
2-2: Ball
3-2: Fly out, F9 (Line Drive, 9D, EV 86.9 MPH)
Batting: LHB Ayub Kuthakwakulu 0-0: Ball
1-0: Ball
2-0: Ball
3-0: Called Strike
3-1: Base on Balls
Seung-jae Kyong to second
Batting: RHB Byron Shadix 0-0: Swinging Strike
0-1: Swinging Strike
0-2: Ball
1-2: Strikes out swinging
Batting: RHB Jack Plumb 0-0: Swinging Strike
0-1: Ball
1-1: Called Strike
1-2: Ball
2-2: DOUBLE (Line Drive, 7LD, EV 105.6 MPH)
Seung-jae Kyong scores
Ayub Kuthakwakulu to third
Batting: RHB Scipione Borghese 0-0: Called Strike
0-1: SINGLE (Line Drive, 6D, EV 95.0 MPH)
Ayub Kuthakwakulu scores
Jack Plumb to third
Runner from 3rd tries for Home, SAFE, no throw by LF
Pitching: RHP Mark Moyer
Batting: LHB Walt Davis 0-0: 2-RUN HOME RUN (Flyball, 78XD, EV 89.4 MPH), Distance : 416 ft
Batting: RHB Xiao-yong Chu 0-0: Called Strike
0-1: Ground out 5-3 (Groundball, 56S, EV 80.6 MPH)
Top of the 3rd over - 5 runs, 4 hits, 0 errors, 0 left on base; Bethesda 8 - Athletic Club KC Academy 2
BOTTOM OF THE 3RD
Athletic Club KC Academy batting - Pitching for Bethesda Atoms : RHP Ralph Johnston
Batting: RHB Neal Lewis 0-0: Foul Ball, location: 2F
0-1: Called Strike
0-2: Ball
1-2: Strikes out looking
Batting: LHB Ron Whitney 0-0: Called Strike
0-1: Called Strike
0-2: Ball
1-2: Ball
2-2: Foul Ball, location: 2F
2-2: Foul Ball, location: 2F
2-2: Ground out 1-3 (Groundball, P, EV 68.1 MPH)
Batting: RHB Tim Hendricks 0-0: Ball
1-0: Ball
2-0: Called Strike
2-1: Foul Ball, location: 2F
2-2: Ball
3-2: Base on Balls
Batting: SHB Benedito Ahulani 0-0: Called Strike
0-1: DOUBLE (Groundball, 3L, EV 95.0 MPH)
Tim Hendricks to third
Batting: LHB Carl Zimerman 0-0: Foul Ball, location: 2F
0-1: Ball
1-1: Called Strike
1-2: Strikes out swinging passed ball, reaches first!
Tim Hendricks scores
Benedito Ahulani to third
Batting: RHB Mhelter Gaston 0-0: Ball
1-0: Called Strike
Carl Zimerman steals 2nd base
1-1: Ball
2-1: Ball
3-1: Swinging Strike
3-2: Strikes out swinging
Bottom of the 3rd over - 1 run, 1 hit, 0 errors, 2 left on base; Bethesda 8 - Athletic Club KC Academy 3
TOP OF THE 4TH
Bethesda Atoms batting - Pitching for Athletic Club KC Academy : RHP Mark Moyer
Batting: LHB Vicente Torres 0-0: Called Strike
0-1: Ball
1-1: Ball
2-1: Ball
3-1: Base on Balls
Batting: LHB Seung-jae Kyong 0-0: Called Strike
0-1: Fly out, F7 (Flyball, 7LSF, EV 88.1 MPH)
Batting: LHB Mhelter Narcida 0-0: Ball
1-0: Ball
2-0: Ball
3-0: Base on Balls
Vicente Torres to second
Batting: LHB Ayub Kuthakwakulu 0-0: Called Strike
0-1: Swinging Strike
0-2: SINGLE (Groundball, 34, EV 100.0 MPH) (infield hit)
Vicente Torres to third
Mhelter Narcida to second
Batting: RHB Byron Shadix 0-0: Fly out, F7 (Flyball, 7, EV 73.8 MPH)
Runner from 3rd tags up, SCORES, throw by LF
Batting: RHB Jack Plumb 0-0: Fly out, F7 (Flyball, 7LM, EV 98.1 MPH)
Top of the 4th over - 1 run, 1 hit, 0 errors, 2 left on base; Bethesda 9 - Athletic Club KC Academy 3
BOTTOM OF THE 4TH
Athletic Club KC Academy batting - Pitching for Bethesda Atoms : RHP Ralph Johnston
Batting: RHB Matt Evans 0-0: Called Strike
0-1: Ball
1-1: Ball
2-1: Ball
3-1: Base on Balls
Batting: RHB Daniel Hannaford 0-0: Ball
1-0: Ball
2-0: Foul Ball, location: 2F
2-1: Ball
3-1: Called Strike
3-2: Grounds into double play, 6-4-3 (Groundball, 6, EV 103.8 MPH)
Batting: SHB Tosya Mndoyants 0-0: Called Strike
0-1: Ball
1-1: Ball
2-1: Called Strike
2-2: Ground out 6-3 (Groundball, 4MS, EV 86.9 MPH)
Bottom of the 4th over - 0 runs, 0 hits, 0 errors, 0 left on base; Bethesda 9 - Athletic Club KC Academy 3
TOP OF THE 5TH
Bethesda Atoms batting - Pitching for Athletic Club KC Academy : RHP Mark Moyer
Batting: RHB Scipione Borghese 0-0: Ball
1-0: Called Strike
1-1: Foul Ball, location: 2F
1-2: Ball
2-2: Foul Ball, location: 2F
2-2: Foul Ball, location: 2F
2-2: Ball
3-2: Foul Ball, location: 2F
3-2: Ground out 5-3 (Groundball, 56S, EV 81.9 MPH)
Batting: LHB Walt Davis 0-0: Called Strike
0-1: Ball
1-1: Ball
2-1: Foul Ball, location: 2F
2-2: Ball
3-2: Base on Balls
Batting: RHB Xiao-yong Chu 0-0: Ball
1-0: Fielders Choice at 2nd, 6-4 (Groundball, 6, EV 104.4 MPH)
Batting: LHB Vicente Torres 0-0: Called Strike
0-1: SINGLE (Groundball, 4MD, EV 101.2 MPH)
Xiao-yong Chu to second
Batting: LHB Seung-jae Kyong 0-0: Ball
1-0: Ground out 4-3 (Groundball, 4, EV 83.8 MPH)
Top of the 5th over - 0 runs, 1 hit, 0 errors, 2 left on base; Bethesda 9 - Athletic Club KC Academy 3
BOTTOM OF THE 5TH
Athletic Club KC Academy batting - Pitching for Bethesda Atoms : RHP Ralph Johnston
Batting: RHB Neal Lewis 0-0: Ball
1-0: Ball
2-0: Fly out, F8 (Flyball, 8RM, EV 91.9 MPH)
Batting: LHB Ron Whitney 0-0: Ball
1-0: Called Strike
1-1: Ball
2-1: Foul Ball, location: 2F
2-2: Ball
3-2: Ground out 6-3 (Groundball, 56, EV 102.5 MPH)
Batting: RHB Tim Hendricks 0-0: Called Strike
0-1: Ball
1-1: SINGLE (Line Drive, 89S, EV 86.9 MPH)
Batting: SHB Benedito Ahulani 0-0: Called Strike
0-1: Ball
1-1: Swinging Strike
1-2: Ball
2-2: Strikes out looking
Bottom of the 5th over - 0 runs, 1 hit, 0 errors, 1 left on base; Bethesda 9 - Athletic Club KC Academy 3
TOP OF THE 6TH
Bethesda Atoms batting - Pitching for Athletic Club KC Academy : RHP Mark Moyer
Batting: LHB Mhelter Narcida 0-0: Ball
1-0: Ball
2-0: Ball
3-0: Called Strike
3-1: Swinging Strike
3-2: Foul Ball, location: 2F
3-2: Foul Ball, location: 2F
3-2: Base on Balls
Batting: LHB Ayub Kuthakwakulu 0-0: Ball
1-0: Foul Ball, location: 2F
1-1: Foul Ball, location: 2F
1-2: Ball
2-2: Foul Ball, location: 2F
2-2: Ball
3-2: Base on Balls
Mhelter Narcida to second
Batting: RHB Byron Shadix 0-0: Ball
1-0: Foul Ball, location: 2F
1-1: Foul Ball, location: 2F
1-2: Foul Ball, location: 2F
1-2: Ball
2-2: Foul Ball, location: 2F
2-2: Grounds into double play, 6-4-3 (Groundball, 6, EV 81.2 MPH)
Mhelter Narcida to third
Batting: RHB Jack Plumb 0-0: Called Strike
0-1: Foul Ball, location: 2F
0-2: Ball
1-2: Fly out, F4 (Popup, 34, EV 80.0 MPH)
Top of the 6th over - 0 runs, 0 hits, 0 errors, 1 left on base; Bethesda 9 - Athletic Club KC Academy 3
BOTTOM OF THE 6TH
Athletic Club KC Academy batting - Pitching for Bethesda Atoms : RHP Ralph Johnston
Batting: LHB Carl Zimerman 0-0: Ball
1-0: Called Strike
1-1: Ball
2-1: Swinging Strike
2-2: Ball
3-2: Strikes out looking
Pitching: RHP Eric O'Slattery
Batting: RHB Mhelter Gaston 0-0: Called Strike
0-1: Foul Ball, location: 2F
0-2: Strikes out swinging
Batting: RHB Matt Evans 0-0: Foul Ball, location: 2F
0-1: Foul Ball, location: 2F
0-2: Strikes out looking
Bottom of the 6th over - 0 runs, 0 hits, 0 errors, 0 left on base; Bethesda 9 - Athletic Club KC Academy 3
TOP OF THE 7TH
Bethesda Atoms batting - Pitching for Athletic Club KC Academy : RHP Mark Moyer
Batting: RHB Scipione Borghese 0-0: Called Strike
0-1: Ball
1-1: Foul Ball, location: 2F
1-2: Strikes out swinging
Pitching: RHP Pierre Vannier
Batting: LHB Walt Davis 0-0: Ball
1-0: Called Strike
1-1: Fly out, F8 (Flyball, 89M, EV 91.2 MPH)
Batting: RHB Xiao-yong Chu 0-0: Foul Ball, location: 2F
0-1: Fly out, F7 (Flyball, 7, EV 91.9 MPH)
Top of the 7th over - 0 runs, 0 hits, 0 errors, 0 left on base; Bethesda 9 - Athletic Club KC Academy 3
BOTTOM OF THE 7TH
Athletic Club KC Academy batting - Pitching for Bethesda Atoms : RHP Eric O'Slattery
Batting: RHB Daniel Hannaford 0-0: Called Strike
0-1: Foul Ball, location: 2F
0-2: Ball
1-2: Ball
2-2: Foul Ball, location: 2F
2-2: Ball
3-2: Strikes out looking
Batting: SHB Tosya Mndoyants 0-0: Called Strike
0-1: Swinging Strike
0-2: Strikes out swinging
Batting: RHB Neal Lewis 0-0: Foul Ball, location: 2F
0-1: Ball
1-1: Called Strike
1-2: Strikes out swinging
Bottom of the 7th over - 0 runs, 0 hits, 0 errors, 0 left on base; Bethesda 9 - Athletic Club KC Academy 3
TOP OF THE 8TH
Bethesda Atoms batting - Pitching for Athletic Club KC Academy : RHP Pierre Vannier
Batting: LHB Vicente Torres 0-0: Foul Ball, location: 2F
0-1: Foul Ball, location: 2F
0-2: Strikes out swinging
Batting: LHB Seung-jae Kyong 0-0: Called Strike
0-1: Ball
1-1: Foul Ball, location: 2F
1-2: Foul Ball, location: 2F
1-2: SINGLE (Line Drive, 7S, EV 93.1 MPH)
Batting: LHB Mhelter Narcida 0-0: Called Strike
0-1: Foul Ball, location: 2F
0-2: Reached on error, E8 (Flyball, 8LD, EV 104.4 MPH)
Seung-jae Kyong to third
Batting: LHB Ayub Kuthakwakulu 0-0: Ball
1-0: Reached on error, E4 (Groundball, 4, EV 90.0 MPH)
Seung-jae Kyong scores
Mhelter Narcida to third
Pinch Hitting: LHB Reynaldo Pérez 0-0: Called Strike
0-1: Ball
1-1: Ball
2-1: Ball
3-1: Base on Balls
Ayub Kuthakwakulu to second
Pinch Hitting: RHB Lachlan Thurgood 0-0: Called Strike
0-1: Ball
1-1: Called Strike
1-2: Fly out, F9 (Flyball, 9S, EV 92.5 MPH)
Batting: RHB Scipione Borghese 0-0: Ball
1-0: Fly out, F7 (Flyball, 7S, EV 88.1 MPH)
Top of the 8th over - 1 run, 1 hit, 2 errors, 3 left on base; Bethesda 10 - Athletic Club KC Academy 3
BOTTOM OF THE 8TH
Athletic Club KC Academy batting - Pitching for Bethesda Atoms : RHP Eric O'Slattery
Now at 1B: Manny Medina
Now in RF: Reynaldo Pérez
Pinch Hitting: RHB Mike Welch 0-0: Foul Ball, location: 2F
0-1: SOLO HOME RUN (Flyball, 89XD, EV 106.9 MPH), Distance : 396 ft
Batting: RHB Tim Hendricks 0-0: Called Strike
0-1: Fly out, F9 (Flyball, 9LSF, EV 98.1 MPH)
Batting: SHB Benedito Ahulani 0-0: Called Strike
0-1: DOUBLE (Line Drive, 89D, EV 104.4 MPH)
Pitching: RHP Kang-keun Yong
Batting: LHB Carl Zimerman 0-0: Called Strike
0-1: Ball
1-1: Ball
2-1: Ball
3-1: Base on Balls
Batting: RHB Mhelter Gaston 0-0: Called Strike
0-1: Called Strike
0-2: Ball
1-2: Ball
2-2: Ball
3-2: Base on Balls
Benedito Ahulani to third
Carl Zimerman to second
Batting: RHB Matt Evans 0-0: Swinging Strike
0-1: Foul Ball, location: 2F
0-2: Foul Ball, location: 2F
0-2: Grounds into double play, 6-4-3 (Groundball, 6, EV 85.6 MPH)
Bottom of the 8th over - 1 run, 2 hits, 0 errors, 2 left on base; Bethesda 10 - Athletic Club KC Academy 4
TOP OF THE 9TH
Bethesda Atoms batting - Pitching for Athletic Club KC Academy : RHP Pierre Vannier
Now in RF: Mike Welch
Batting: LHB Walt Davis 0-0: SINGLE (Groundball, 6MD, EV 102.5 MPH)
Batting: RHB Xiao-yong Chu 0-0: Called Strike
0-1: Ball
1-1: Foul Ball, location: 2F
1-2: Ball
2-2: Fly out, F9 (Flyball, 9LS, EV 95.0 MPH)
Batting: LHB Vicente Torres 0-0: Ball
1-0: Called Strike
1-1: Ball
2-1: Ball
3-1: SINGLE (Flyball, 7S, EV 90.0 MPH)
Walt Davis to second
Batting: LHB Seung-jae Kyong 0-0: Ball
1-0: Foul Ball, location: 2F
1-1: Ball
2-1: Fly out, F8 (Flyball, 78S, EV 87.5 MPH)
Batting: LHB Mhelter Narcida 0-0: Ball
1-0: Ball
2-0: Foul Ball, location: 2F
2-1: Ground out 3-1 (Groundball, 3, EV 103.1 MPH)
Top of the 9th over - 0 runs, 2 hits, 0 errors, 2 left on base; Bethesda 10 - Athletic Club KC Academy 4
BOTTOM OF THE 9TH
Athletic Club KC Academy batting - Pitching for Bethesda Atoms : RHP Kang-keun Yong
Batting: RHB Daniel Hannaford 0-0: Ball
1-0: Foul Ball, location: 2F
1-1: Ball
2-1: Ball
3-1: Fly out, F7 (Line Drive, 7, EV 91.2 MPH)
Batting: SHB Tosya Mndoyants 0-0: Ball
1-0: Foul Ball, location: 2F
1-1: Ball
2-1: SINGLE (Groundball, 4MD, EV 102.5 MPH)
Batting: RHB Neal Lewis 0-0: Called Strike
0-1: Ball
1-1: Swinging Strike
1-2: Strikes out looking
Batting: RHB Mike Welch 0-0: Called Strike
0-1: Called Strike
0-2: Foul Ball, location: 2F
0-2: Ball
1-2: Ball
2-2: Strikes out swinging
Bottom of the 9th over - 0 runs, 1 hit, 0 errors, 1 left on base; Bethesda 10 - Athletic Club KC Academy 4
Friday, March 26th, 2021 - OOTP Baseball 20.8 Build 74